 Dungeon Crawl Stone Soup version 0.18.1-6-gd335043 (webtiles) character file.

326 Hipnos the Cutter (level 6, 0/43 HPs)
             Began as a Halfling Fighter on May 15, 2016.
             Was a Follower of Makhleb.
             Slain by epen's ghost (12 damage)
             ... on level 5 of the Dungeon.
             The game lasted 00:09:05 (4036 turns).

Hipnos the Cutter (Halfling Fighter)                Turns: 4036, Time: 00:09:06

Health: 0/43       AC:  9    Str: 17    XL:     6   Next: 79%
Magic:  7/7        EV: 10    Int: 12    God:    Makhleb [*.....]
Gold:   189        SH: 10    Dex: 14    Spells: 0 memorised, 7 levels left

rFire  . . .     SeeInvis .     a - +0 rapier
rCold  . . .     Gourm    .     b - +0 scale mail
rNeg   . . .     Faith    .     c - +0 shield
rPois  .         Spirit   .     (no helmet)
rElec  .         Dismiss  .     (no cloak)
rCorr  .         Reflect  .     o - +1 pair of gloves
SustAt .         Harm     .     (no boots)
MR     .....                    (no amulet)
Stlth  ..........               (no ring)
                                e - +4 ring of intelligence

@: not resistant to hostile enchantments, extremely unstealthy
A: mutation resistance 1
a: Renounce Religion


You were on level 5 of the Dungeon.
You worshipped Makhleb.
Makhleb was aware of your devotion.
You were very hungry.

You visited 1 branch of the dungeon, and saw 5 of its levels.

You collected 189 gold pieces.

Inventory:

Hand Weapons
 a - a +0 rapier (weapon)
Armour
 b - a +0 scale mail (worn)
 c - a +0 shield (worn)
 o - a +1 pair of gloves (worn)
Jewellery
 e - a +4 ring of intelligence (left hand)
Scrolls
 g - 3 scrolls of blinking
 j - 3 scrolls of identify {unknown}
 k - 3 scrolls of fog {unknown}
 l - 2 scrolls of magic mapping {unknown}
 m - a scroll of amnesia {unknown}
 q - 2 scrolls of recharging {unknown}
 u - 3 scrolls of remove curse {unknown}
 v - 3 scrolls of teleportation {unknown}
Potions
 d - 3 potions of might
 i - a potion of flight {unknown}
 p - 3 potions of cure mutation {unknown}
 r - a potion of lignification {unknown}
 s - a potion of ambrosia {unknown}
 t - a potion of invisibility {unknown}
 x - a potion of heal wounds {unknown}
Comestibles
 f - 5 bread rations
 n - 12 fruits
 w - 3 meat rations


   Skills:
 * Level 3.8 Fighting
 * Level 4.9 Short Blades
 + Level 4.1 Armour
 + Level 2.1 Dodging
 + Level 4.3 Shields
 * Level 1.3 Spellcasting


You had 7 spell levels left.
You didn't know any spells.

Dungeon Overview and Level Annotations

Branches:
Dungeon (5/15)
 Temple: D:4-7

Altars:
Ashenzari
Fedhas
Gozag
Makhleb
Pakellas
Qazlal
Trog

Shops:
D:4 (

Annotations:
D:3 Dowan, Duvessa
D:5 epen's ghost, novice DsFi


Innate Abilities, Weirdness & Mutations

You are small and have problems with some larger weapons.
You are somewhat resistant to further mutation.


Message History

Epen's ghost (novice Demonspawn Fighter) comes into view.
Epen's ghost is nearby!
Epen's ghost is nearby!
Epen's ghost is nearby!
Epen's ghost is nearby!
Epen's ghost turns its malevolent gaze towards you.
You block epen's ghost's attack.
You hit epen's ghost.
Epen's ghost is lightly damaged.
Epen's ghost hits you but does no damage.
You hit epen's ghost but do no damage.
Epen's ghost is lightly damaged.
Epen's ghost hits you!
You hit epen's ghost but do no damage.
Epen's ghost hits you but does no damage.
You barely miss epen's ghost. Epen's ghost hits you!
You hit epen's ghost but do no damage. Epen's ghost hits you!
* * * LOW HITPOINT WARNING * * *
You barely miss epen's ghost. Epen's ghost hits you!
You die...

... ##.............. ...#
##.............# $...#
###..###........# #...##...##
##..^....# #......## #.......##
#.....## ##.#.....# #..#..##
#.......## #. ##..# #........#
# #W@# ###........ .. ##.##
##.......... #.
######..####.....#..###
#.###+###........#....##...#...
#..#................###..###_#
#...................# ##..# ..
#(..................# #..# # ##
##..........##....#...# #...
..##....#......###...###..# ...


You could see epen's ghost.

Vanquished Creatures
  2 scorpions
  A hound (D:4)
  An orc wizard (D:4)
  7 adders
  An ooze (D:3)
  5 worms
  2 dart slugs (D:1)
  3 giant geckos
  2 orcs (D:4)
  5 ball pythons
  8 bats
  2 giant cockroaches
  7 goblins
  9 hobgoblins
  4 jackals
  2 quokkas
  A ball python skeleton (D:4)
  A giant gecko skeleton (D:4)
  5 giant newts
  10 kobolds
  A quokka skeleton (D:4)
  8 rats
87 creatures vanquished.

Notes
Turn   | Place    | Note
--------------------------------------------------------------
     0 | D:1      | Hipnos the Halfling Fighter began the quest for the Orb.
     0 | D:1      | Reached XP level 1. HP: 15/15 MP: 1/1
    57 | D:1      | Reached XP level 2. HP: 19/20 MP: 2/2
   212 | D:1      | Reached XP level 3. HP: 24/26 MP: 3/3
   871 | D:2      | Reached XP level 4. HP: 18/31 MP: 4/4
  1373 | D:2      | Reached skill level 1 in Dodging
  1414 | D:2      | Found a burning altar of Makhleb.
  1469 | D:2      | Became a worshipper of Makhleb the Destroyer
  1855 | D:3      | Reached XP level 5. HP: 32/36 MP: 6/6
  2184 | D:3      | Reached * piety under Makhleb
  2352 | D:3      | Found a shattered altar of Ashenzari.
  2360 | D:3      | Found a blossoming altar of Fedhas.
  2641 | D:4      | Noticed Duvessa
  2641 | D:4      | Noticed Dowan
  2666 | D:3      | Reached skill level 1 in Spellcasting
  3007 | D:4      | Reached XP level 6. HP: 10/43 MP: 7/7
  3250 | D:4      | Found a bloodstained altar of Trog.
  3250 | D:4      | Found a stormy altar of Qazlal.
  3270 | D:4      | Found Kioseju's Antique Weapon Emporium.
  3433 | D:4      | Found an opulent altar of Gozag.
  3968 | D:5      | Entered Level 5 of the Dungeon
  4012 | D:5      | Found an oddly glowing altar of Pakellas.
  4027 | D:5      | Noticed epen's ghost (novice DsFi)
  4036 | D:5      | Slain by epen's ghost

Skill      XL: |  1  2  3  4  5  6 |
---------------+-------------------+-----
Short Blades   | 3 4 |  4.9
Fighting       | 3 |  3.8
Dodging        | 1 2 |  2.1
Shields        | 4 |  4.3
Spellcasting   | 1 |  1.3
Armour         | 4 |  4.1

Action                   |  1- 3 |  4- 6 || total
-------------------------+-------+-------++-------
Melee: Rapier            |   129 |   312 ||   441
  Use: Scroll            |       |     1 ||     1
 Stab: Distracted        |     1 |       ||     1
  Eat: Chunk             |       |     8 ||     8
       Beef jerky        |       |     1 ||     1
Armor: Scale mail        |    56 |   105 ||   161
Dodge: Dodged            |    46 |   114 ||   160
Block: Shield            |    68 |   153 ||   221
